Map: Shrines of Lizul

Players

MonstroTown

  • Race: Terran Terran
  • Spawn Location: 12:00

Michael

  • Race: Zerg Zerg
  • Spawn Location: 3:00

IMSOHARD

  • Race: Protoss Protoss
  • Spawn Location: 9:00

Icarus

  • Race: Protoss Protoss
  • Spawn Location: 6:00

VOD

Have the link to the VOD?

Description

Time

  • Played on: Sept. 2, 2018, 1:52 a.m.
  • Length: 7:30
Show
View Real Time Build Order
Export as new Build Order

MonstroTown Terran 

Build Orders: Reaper Expand 

Get SALT Encoding   

  12  0:01  SCV  
  13  0:13  SCV  
  14  0:18  Supply Depot  
  14  0:25  SCV  
  15  0:40  SCV  
  15  0:42  Barracks  
  16  0:48  Refinery  
  16  1:00  SCV  
  17  1:12  SCV  
  18  1:22  Barracks  
  18  1:24  SCV  
  19  1:31  Reaper  
  20  1:37  Orbital Command  
  20  2:01  Command Center  
  20  2:05  Barracks Tech Lab  
  20  2:17  Marine  
  21  2:23  Factory  
  20  2:31  Supply Depot  
  20  2:33  SCV  
  21  2:39  Marine  
  21  2:40  Marine  
  22  2:50  SCV  
  23  2:54  Refinery  
  23  2:56  Supply Depot  
  23  2:57  Marine  
  24  3:03  SCV  
  25  3:11  Widow Mine  
  27  3:17  Orbital Command  
  27  3:22  Barracks Reactor  
  27  3:30  Marauder  
  27  3:32  Factory Tech Lab  
  29  3:42  Stimpack  
  29  3:44  SCV  
  29  3:45  SCV  
  31  3:54  Marine  
  32  3:55  Engineering Bay  
  32  3:56  SCV  
  32  3:57  Engineering Bay  
  32  4:01  Marine x2  
  34  4:36  Marine  
  34  4:37  Marine  
  30  4:38  Siege Tank  
  30  4:43  Barracks  
  30  4:45  Barracks, Marine  
  32  4:55  Marine x2  
  34  5:03  Marine  
  34  5:05  Barracks  
  34  5:06  Barracks  
  33  5:25  Marine x3  
  33  5:27  Siege Tank  
  39  5:32  Marine  
  39  5:33  Marine  
  41  5:48  Marine  
  41  5:49  Marine x2  
  44  5:59  Siege Tank  
  36  6:12  Marine x2  
  36  6:13  Marine x2  
  39  6:20  Marine x2  
  39  6:22  SCV x2  
  43  6:28  Marine  
  44  6:34  Marine  
  44  6:35  Marine x2  
  44  6:36  Marine  
  48  6:45  Marine  
  48  6:46  Marine  
  51  6:52  Marine  
  48  7:06  Supply Depot  
Show
View Real Time Build Order
Export as new Build Order

Michael Zerg 

Build Orders: Hatch First 

Get SALT Encoding   

  12  0:01  Drone  
  13  0:12  Overlord  
  13  0:18  Drone  
  14  0:31  Drone x2  
  14  0:35  Drone  
  17  0:46  Drone  
  18  0:59  Hatchery  
  18  1:01  Drone  
  18  1:04  Extractor  
  17  1:18  Spawning Pool  
  16  1:21  Drone  
  18  1:25  Drone  
  18  1:30  Drone  
  19  1:39  Drone  
  20  1:49  Overlord  
  20  2:00  Drone  
  21  2:07  Queen  
  23  2:18  Queen  
  23  2:22  Drone  
  26  2:23  Drone x3  
  29  2:36  Roach Warren, Drone  
  29  2:39  Drone  
  29  2:43  Drone  
  31  2:51  Extractor  
  31  2:55  Evolution Chamber  
  29  3:00  Drone  
  29  3:01  Drone x2  
  32  3:09  Spore Crawler  
  32  3:10  Spore Crawler  
  30  3:13  Spore Crawler  
  30  3:15  Drone x2  
  30  3:18  Drone  
  32  3:20  Drone  
  33  3:28  Overlord  
  33  3:32  Overlord  
  33  3:38  Zerg Ground Armor Level 1  
  33  3:44  Lair  
  33  3:46  Drone  
  34  3:48  Drone  
  34  3:50  Drone  
  36  3:59  Roach x2  
  36  4:00  Roach  
  42  4:03  Roach  
  42  4:07  Overlord  
  41  4:11  Zergling x4  
  39  4:37  Roach  
  39  4:38  Roach  
  41  4:39  Hatchery  
  38  4:47  Roach x2  
  38  4:51  Roach  
  40  4:55  Roach  
  40  4:59  Roach  
  42  5:04  Roach  
  39  5:08  Roach  
  35  5:15  Roach  
  35  5:18  Roach  
  35  5:23  Roach  
  33  5:37  Roach  
  33  5:38  Roach  
  33  5:40  Roach  
  27  5:51  Queen  
  27  5:55  Drone  
Show
View Real Time Build Order
Export as new Build Order

IMSOHARD Protoss 

Build Orders:  

Get SALT Encoding   

  12  0:01  Probe  
  13  0:13  Probe  
  14  0:20  Pylon  
  14  0:25  Probe  
  15  0:38  Probe  
  15  0:39  Gateway  
  16  0:46  Probe  
  16  0:56  Probe  
  18  1:04  Assimilator  
  18  1:08  Probe  
  18  1:11  Gateway  
  19  1:15  Pylon  
  19  1:27  Cybernetics Core  
  19  1:33  Probe  
  19  1:34  Warp Gate  
  20  1:45  Probe  
  20  1:46  Gateway  
  21  1:53  Assimilator  
  21  1:57  Probe  
  22  2:12  Gateway  
  22  2:18  Zealot  
  24  2:26  Stalker  
  26  2:43  Pylon  
  26  3:02  Pylon  
  26  3:20  Probe  
  27  3:39  Stalker x4  
  35  4:08  Zealot  
  35  4:09  Zealot, Stalker  
  41  4:10  Stalker  
  39  4:36  Stalker x2  
  39  4:37  Stalker x2  
  47  4:49  Pylon  
  47  5:07  Stalker x2  
  47  5:08  Stalker x2  
  55  5:15  Pylon  
  55  5:19  Pylon  
  53  5:33  Stalker x2  
  57  5:36  Sentry  
  57  5:37  Sentry  
  47  6:16  Stalker x2  
  47  6:17  Stalker x2  
  51  6:58  Zealot x4  
Show
View Real Time Build Order
Export as new Build Order

Icarus Protoss 

Build Orders:  

Get SALT Encoding   

  1  0:00  Probe  
  12  0:05  Probe  
  14  0:22  Probe  
  14  0:23  Pylon  
  15  0:41  Probe  
  16  0:46  Gateway  
  16  0:53  Probe, Assimilator  
  17  1:05  Probe  
  18  1:20  Probe  
  19  1:42  Probe  
  19  1:46  Assimilator  
  20  1:49  Cybernetics Core  
  20  1:56  Pylon  
  20  1:59  Gateway  
  20  2:00  Probe  
  21  2:01  Gateway  
  21  2:04  Zealot  
  23  2:12  Probe  
  22  2:36  Warp Gate  
  22  2:49  Stalker  
  22  2:50  Stalker  
  26  2:58  Robotics Facility  
  26  3:02  Sentry  
  28  3:10  Probe  
  29  3:22  Probe  
  30  3:32  Pylon  
  30  3:50  Zealot x2, Stalker  
  36  4:13  Pylon  
  36  4:18  Pylon  
  36  4:30  Immortal  
  34  5:01  Immortal  
  38  5:14  Stalker  
  38  5:15  Stalker  
  38  5:17  Sentry  
  44  5:48  Immortal  
  44  5:53  Stalker  
  44  5:54  Stalker x2  
  54  6:04  Pylon  
  54  6:07  Forge  
  54  6:35  Stalker  
  54  6:36  Observer, Stalker x2  
  29  7:28  Stalker  
Tags
 
Add a new tag
Caveats
  • Supply blocks, unpowered buildings, or Contaminate may cause inaccurate times.
  • Supply counts are checked every 10 seconds.